[Event "*** Titled Tuesday Blitz"]
[Site "Chess.com"]
[Date "2021.04.06"]
[Round "1"]
[White "WisdomGame"]
[Black "eduardoperalta"]
[Result "0-1"]
[WhiteElo "2081"]
[BlackElo "2503"]
[TimeControl "180+1"]
[EndTime "10:07:48 PDT"]
[Termination "eduardoperalta won by resignation"]

1. e4 c5 2. Nf3 Nc6 3. Bb5 g6 4. O-O Bg7 5. Re1 Nf6 6. Nc3 O-O 7. Bxc6 dxc6 8. d3 Nd7 9. Be3 e5 10. Qd2 f5 11. Bh6 f4 12. Bxg7 Kxg7 13. h3 Qf6 14. Ne2 g5 15. c3 h5 16. Nh2 Rd8 17. d4 Nb6 18. Rad1 Be6 19. dxe5 Qxe5 20. Qxd8 Rxd8 21. Rxd8 g4 22. hxg4 hxg4 23. f3 g3 24. Nf1 Nc4 25.
b3 Nd6 26. Rd1 Nf7 27. Re8 Kf6 28. Rf8 Ke7 29. Ra8 a6 30. Rg8 a5 31. Ra8 Qc7 32.
Nd2 Kf6 33. e5+ Qxe5 34. Ne4+ Kg7 35. Rxa5 b6 36. Ra7 Bd5 37. Rf1 Kf8 38. Rb7 Nd6 39.
Nxd6 Qe3+ 40. Kh1 Qxe2 41. Rc1 Bxf3 42. Rf7+ Kg8 43. Rg1 Bd5 44. Rxf4 Qh5+ 0-1

[Event "*** Titled Tuesday Blitz"]
[Site "Chess.com"]
[Date "2021.04.06"]
[Round "1"]
[White "ENajer77"]
[Black "Zmeeed63"]
[Result "1-0"]
[WhiteElo "2628"]
[BlackElo "2332"]
[TimeControl "180+1"]
[EndTime "10:07:49 PDT"]
[Termination "ENajer77 won by resignation"]

1. d4 d5 2. c4 e6 3. Nc3 c6 4.
e3 Nf6 5. Bd2 Be7 6. Bd3 O-O 7.
Nf3 Nbd7 8. O-O b6 9. cxd5 cxd5 10. Rc1 Bb7 11. Qc2 Rc8 12. Ne5 h6 13. f4 Ne4 14.
Qd1 f5 15. Nxe4 dxe4 16. Bc4 Bd5 17. Bxd5 exd5 18. Qb3 Nxe5 19. dxe5 Kh8 20. Rxc8 Qxc8 21. Qxd5 Rd8 22. Qf7 Rxd2 23. Qxe7 Qc2 24. Qf8+ Kh7 25. Qxf5+ Kh8 26. Qg4 Qxb2 27. e6 Qa3 28. Kh1 Qd3 29.
Rg1 Qd6 30. f5 Qe5 31. h3 Rxa2 32. Qg6 Ra1 33. Qe8+ Kh7 34. Qg6+ Kh8 35. Rxa1 Qxa1+ 36. Kh2 Qe5+ 37. Qg3 Qf6 38. Qc7 Kh7 39. e7 Qf7 40.
Qe5 Qe8 41. Qxe4 Kg8 42. Qe6+ Kh7 43. e4 Kh8 44. e5 a5 45. f6 1-0

[Event "*** Titled Tuesday Blitz"]
[Site "Chess.com"]
[Date "2021.04.06"]
[Round "1"]
[White "ErikRonka"]
[Black "Jumbo"]
[Result "0-1"]
[WhiteElo "2436"]
[BlackElo "2834"]
[TimeControl "180+1"]
[EndTime "10:07:50 PDT"]
[Termination "Jumbo won by resignation"]

1. d4 Nf6 2. c4 e6 3. Nc3 Bb4 4. a3 Bxc3+ 5. bxc3 O-O 6. f3 b6 7. e4 Ne8 8. Bd3 Nc6 9. Nh3 Ba6 10. O-O Na5 11. Qe2 c5 12. e5 f5 13. d5 h6 14.
Nf4 g5 15. Nh5 Qe7 16. d6 Qf7 17. f4 Bxc4 18. Bxc4 Nxc4 19. fxg5 Nxe5 20. gxh6 Ng4 21. Ng3 Nxd6 22. c4 Qg6 23. Bb2 Nxh6 24. Rad1 Nhf7 25.
Be5 Nxe5 26. Qxe5 Nxc4 27. Qf4 d5 28. Rfe1 Rae8 29. Qf3 d4 30. Nf1 e5 31. Qd5+ Qe6 32. Qf3 e4 33. Qg3+ Kh7 34. Qh3+ Qh6 35. Qg3 Ne5 36.
Nd2 Rg8 37. Qf2 Ref8 38. Nf1 e3 39. Qc2 Rg6 40. Ng3 f4 41. Ne4 f3 42. Ng3 f2+ 43. Kh1 fxe1=Q+ 44. Rxe1 Rf2 45. Qe4 Qf4 46. Qb7+ Rg7 47.
Qc8 Ng4 48. Qc7 Qxc7 0-1

[Event "*** Titled Tuesday Blitz"]
[Site "Chess.com"]
[Date "2021.04.06"]
[Round "1"]
[White "pastouche06"]
[Black "Hard_Utilizator"]
[Result "0-1"]
[WhiteElo "2600"]
[BlackElo "2395"]
[TimeControl "180+1"]
[EndTime "10:07:50 PDT"]
[Termination "Hard_Utilizator won on time"]

1. d4 d5 2. c4 e6 3. Nc3 Nf6 4.
cxd5 exd5 5. Bg5 Be7 6. e3 c6 7. Qc2 Nbd7 8. Bd3 O-O 9. Nge2 Re8 10. O-O Nf8 11. f3 Nh5 12. Bxe7 Qxe7 13. e4 dxe4 14. fxe4 Be6 15. e5 f6 16. Ng3 Nxg3 17. exf6 Qd6 18. hxg3 Qxd4+ 19. Kh2 gxf6 20. Rf4 Qe5 21. Ne4 Nd7 22.
Raf1 Rf8 23. Rh4 Rf7 24. Bc4 Re8 25. Bxe6 Rxe6 26. Rff4 Rg7 27. Qb3 b5 28. Nf2 Nc5 29. Qa3 Qe3 30. Qxe3 Rxe3 31. Rxf6 Rexg3 32. Nh3 Rxg2+ 33.
Kh1 Nd3 34. Rxc6 Ne5 35. Rc8+ Kf7 36. Re4 Kf6 37. Rf4+ Ke6 38. Rf1 Rxb2 39. Nf4+ Kd7 40. Rc3 Ng4 41. Rd1+ Ke7 42. Nd3 Rh2+ 43. Kg1 Rh6 44.
Nf4 Ne3+ 45. Kf2 Nxd1+ 0-1

[Event "*** Titled Tuesday Blitz"]
[Site "Chess.com"]
[Date "2021.04.06"]
[Round "1"]
[White "Slovak_fighter2000"]
[Black "gxbg2000"]
[Result "1-0"]
[WhiteElo "2489"]
[BlackElo "2001"]
[TimeControl "180+1"]
[EndTime "10:07:50 PDT"]
[Termination "Slovak_fighter2000 won by checkmate"]

1. d4 d5 2. Nf3 Nf6 3. Bf4 e6 4.
e3 Bd6 5. Bg3 O-O 6. Bd3 Nbd7 7.
Nbd2 Qe7 8. Ne5 c5 9. c3 a6 10. O-O b5 11. f4 Bb7 12. Bh4 Qe8 13. Qf3 c4 14. Bc2 Ne4 15. Nxe4 dxe4 16. Bxe4 Bxe4 17. Qxe4 f6 18. Nxd7 Qxd7 19. Rf3 Rae8 20. Rh3 f5 21. Qf3 g6 22. Bg5 Be7 23. Bxe7 Rxe7 24. e4 Qb7 25.
Re1 Rfe8 26. exf5 Qxf3 27. Rxf3 exf5 28. Re5 Rxe5 29. fxe5 Kf7 30. Kf2 Ke6 31. Ke3 Kd5 32.
g4 fxg4 33. Rf6 Re6 34. Rxe6 Kxe6 35. Ke4 h5 36. d5+ Kf7 37. Kf4 a5 38. Kg5 b4 39. a3 bxa3 40. bxa3 a4 41. Kf4 Ke7 42. Ke4 Kf7 43. d6 Ke6 44. Kf4 Kd7 45. Ke3 g5 46. Ke4 Ke6 47. Ke3 h4 48. Ke4 Kd7 49. Kd5 g3 50.
e6+ Kd8 51. d7 Ke7 52. Kc6 g2 53. Kc7 g1=Q 54. d8=Q+ Kxe6 55. Qd6+ Kf5 56. Qd5+ Kg6 57. Qe6+ Kh5 58. h3 Qa7+ 59. Kd8 Qb8+ 60. Ke7 Qc7+ 61. Kf8 Qf4+ 62. Kg7 g4 63. Qg6# 1-0

[Event "*** Titled Tuesday Blitz"]
[Site "Chess.com"]
[Date "2021.04.06"]
[Round "1"]
[White "atalz0"]
[Black "Sam_ChessMood"]
[Result "0-1"]
[WhiteElo "2450"]
[BlackElo "2879"]
[TimeControl "180+1"]
[EndTime "10:07:51 PDT"]
[Termination "Sam_ChessMood won on time"]

1. d4 Nf6 2. c4 e6 3. Nc3 Bb4 4. Qc2 O-O 5. e4 d6 6. Bd3 e5 7.
Ne2 Nc6 8. d5 Ne7 9. a3 Ba5 10.
O-O c5 11. Rb1 Bxc3 12. Nxc3 Ng6 13. g3 Bh3 14. Re1 b6 15. f3 Bd7 16. h4 h6 17. Be3 Nh7 18. b4 Ne7 19. g4 Ng6 20.
h5 Nf4 21. Bf1 Ng5 22. Bg2 Qf6 23. Rf1 g6 24. Bxf4 Qxf4 25. Qc1 Qg3 26. Qe1 Nh3+ 27. Kh1 Qxe1 28. Rfxe1 Nf4 29. Ne2 Nd3 30. Rg1 cxb4 31. axb4 Rfc8 32. Bf1 Rxc4 33. Nf4 exf4 34. Bxd3 Rc3 35.
Rgd1 gxh5 36. gxh5 Kg7 37. Rg1+ Kf6 38. Be2 Re3 39. Rb2 Rc8 40. Ra1 Rc7 41. Kg2 Ke5 42.
Kf2 f5 43. exf5 Bxf5 44. Rba2 Kf6 45. Ke1 Rce7 46. Kf1 Bh3+ 0-1

[Event "*** Titled Tuesday Blitz"]
[Site "Chess.com"]
[Date "2021.04.06"]
[Round "1"]
[White "KubaGepard"]
[Black "olksuna"]
[Result "0-1"]
[WhiteElo "2373"]
[BlackElo "2690"]
[TimeControl "180+1"]
[EndTime "10:07:51 PDT"]
[Termination "olksuna won on time"]

1. d4 Nf6 2. Nf3 e6 3. Bf4 b6 4.
e3 Bb7 5. Nbd2 c5 6. Bd3 Be7 7. h3 O-O 8. Qe2 d6 9. O-O a6 10. a4 Nbd7 11. c3 cxd4 12. exd4 Re8 13. Bh2 Bf8 14. Nc4 Qc7 15. Rfe1 Bc6 16. Nfd2 Qb7 17. f3 Qc7 18. Ne4 Nxe4 19. fxe4 b5 20. axb5 axb5 21.
Na3 b4 22. Nc4 bxc3 23. bxc3 Rxa1 24. Rxa1 h6 25. Rf1 e5 26. dxe5 Nxe5 27. Nxe5 dxe5 28. Bc4 Bc5+ 29. Kh1 Rf8 30. Qh5 Bd6 31. Qf5 Kh8 32.
Bg3 Bd7 33. Qh5 Qxc4 34. Rd1 Qe6 35. c4 Bc6 36. Bh4 Bc5 37. Kh2 Bd4 38. Rb1 Bxe4 39. Rb5 Bg6 40. Qf3 e4 41. Qf4 Re8 42. Bg3 Bf6 43. Rd5 e3 44. Rd6 Qe5 45. Qf3 Qxg3+ 46.
Kxg3 e2 0-1

[Event "*** Titled Tuesday Blitz"]
[Site "Chess.com"]
[Date "2021.04.06"]
[Round "1"]
[White "MVM2008"]
[Black "Savagelittlemole"]
[Result "1/2-1/2"]
[WhiteElo "2120"]
[BlackElo "2498"]
[TimeControl "180+1"]
[EndTime "10:07:51 PDT"]
[Termination "Game drawn by repetition"]

1. e4 c6 2. d4 d5 3. Nc3 dxe4 4. Nxe4 Nf6 5. Nxf6+ exf6 6. Bd3 Bd6 7. Qh5 Nd7 8. Qe2+ Qe7 9. Qxe7+ Kxe7 10. Nf3 g6 11. Nd2 Nb6 12. c4 Bf4 13. g3 Bc7 14. b3 Bh3 15.
Ba3+ Kd7 16. Ne4 Rae8 17. O-O-O Bd8 18. Nd6 Be7 19. c5 Bxd6 20. cxd6 Nd5 21. Bc4 Bg2 22. Bxd5 Bxd5 23. Rhe1 Bf3 24. Rxe8 Rxe8 25. Rd3 Bd5 26. Re3 Re6 27. Kd2 h5 28. Rxe6 fxe6 29. f4 g5 30.
fxg5 fxg5 31. h4 gxh4 32. gxh4 b6 33. Ke3 a6 34. Bb4 a5 35. Ba3 a4 36. bxa4 Bxa2 37. a5 bxa5 38. Bc5 a4 39. Kd3 Bd5 40. Kc3 Bf3 41.
Kb4 Bd1 42. Ka3 Ke8 43. Kb4 Kd8 44. Ka3 Kc8 45. Kb4 Kd7 46. Ka3 Bb3 47. Kb4 Bc2 48. Ka5 Bd1 49. Kb4 Kd8 50. Ka3 Kc8 51. Kb4 Kd7 1/2-1/2

[Event "*** Titled Tuesday Blitz"]
[Site "Chess.com"]
[Date "2021.04.06"]
[Round "1"]
[White "Fighter008"]
[Black "OlifantCZ"]
[Result "1-0"]
[WhiteElo "2589"]
[BlackElo "2268"]
[TimeControl "180+1"]
[EndTime "10:07:52 PDT"]
[Termination "Fighter008 won by checkmate"]

1. e4 e6 2. d4 d5 3. Nc3 Bb4 4. e5 c5 5. a3 Bxc3+ 6. bxc3 Qa5 7. Bd2 Qa4 8. Nf3 b6 9. Bd3 c4 10. Be2 Nc6 11. O-O Bd7 12. Ne1 O-O-O 13. f4 f5 14.
exf6 gxf6 15. Nf3 f5 16. Be1 Nf6 17. Bh4 Rdf8 18. Bxf6 Rxf6 19. Qd2 Rg8 20. Rfb1 Rfg6 21. g3 R6g7 22. Bf1 Be8 23. Bg2 Bh5 24. Ng5 Nd8 25.
Re1 Qc6 26. Bf3 Rxg5 27. fxg5 Bxf3 28. Qf4 Be4 29. a4 Nb7 30. Qh4 Qd7 31. Reb1 Bxc2 32.
Rb4 Qg7 33. Re1 Be4 34. Rb2 Na5 35. Qf4 Nb3 36. Qd6 Qd7 37. Qf4 Qc7 38. Qh4 Qg7 39. Qf4 Qxg5 40. Qd6 Qd8 41. Qxe6+ Kb7 42. a5 Nxa5 43. Ra1 Rg6 44. Qe5 Qc7 45. Rxa5 Qxe5 46. dxe5 Re6 47. Kf2 Rxe5 48. Ra1 Re6 49. Ke3 a5 50.
Rxa5 Bc2+ 51. Kf2 Bb3 52. Rxd5 Rf6 53. Rd7+ Kc6 54. Rxh7 f4 55. g4 b5 56. h4 Kd5 57.
Rh5+ Ke4 58. Rd2 Bc2 59. Rd4# 1-0

[Event "*** Titled Tuesday Blitz"]
[Site "Chess.com"]
[Date "2021.04.06"]
[Round "1"]
[White "Balla_Tamas"]
[Black "semchik73"]
[Result "1-0"]
[WhiteElo "2553"]
[BlackElo "2235"]
[TimeControl "180+1"]
[EndTime "10:07:52 PDT"]
[Termination "Balla_Tamas won by checkmate"]

1. e4 Nf6 2. e5 Nd5 3. c4 Nb6 4. d4 d6 5. f4 dxe5 6. fxe5 Nc6 7. Be3 Bf5 8. Nc3 e6 9. Nf3 Bg4 10. Be2 Bxf3 11. gxf3 Qh4+ 12. Bf2 Qf4 13. Rg1 h5 14. Qc1 Qf5 15. Qb1 Qf4 16. Qe4 Qxe4 17. Nxe4 O-O-O 18. O-O-O g6 19. f4 Bh6 20. Be3 Rd7 21. Nf6 Rdd8 22.
b3 Ne7 23. Bd3 Nd7 24. Kb1 Nxf6 25. exf6 Nf5 26. Bxf5 exf5 27. d5 Rhe8 28. Bc1 Re4 29. Rgf1 Rde8 30. Rf2 Re2 31. Rd2 Re1 32. Kc2 R8e4 33.
Rd1 R1e2+ 34. Rd2 Re1 35. Rd1 Kd7 36. Rxe1 Rxe1 37. Bd2 Re4 38. Kd3 c6 39. dxc6+ Kxc6 40. Be3 a6 41. b4 b5 42. cxb5+ Kxb5 43. a3 Re6 44. Bd4 Rd6 45. Kc3 Rc6+ 46. Kb3 Rc4 47.
Be5 Re4 48. a4+ Kb6 49. Rf3 Re2 50. h3 h4 51. Rd3 Rg2 52. Rd6+ Kb7 53. Rd7+ Kc6 54.
Rxf7 Rg3+ 55. Kc4 Rxh3 56. a5 Re3 57. Rc7# 1-0

[Event "*** Titled Tuesday Blitz"]
[Site "Chess.com"]
[Date "2021.04.06"]
[Round "1"]
[White "NFork"]
[Black "Dave_ChessMate"]
[Result "0-1"]
[WhiteElo "1918"]
[BlackElo "2484"]
[TimeControl "180+1"]
[EndTime "10:07:52 PDT"]
[Termination "Dave_ChessMate won by checkmate"]

1. e4 c5 2. c3 d5 3. exd5 Qxd5 4. d4 Nf6 5. Nf3 Nc6 6. dxc5 Qxd1+ 7. Kxd1 e5 8. b4 Bg4 9. h3 O-O-O+ 10. Ke1 Bf5 11. Bb5 Nd5 12. Bd2 a5 13. Bxc6 bxc6 14. Na3 f6 15. Nc4 Be7 16. Nxa5 Kc7 17. Ke2 g5 18. Rhd1 h5 19.
Nc4 Nxb4 20. cxb4 Bd3+ 21. Ke1 Bxc4 22. Bc3 Rxd1+ 23. Kxd1 g4 24. Nd2 Bd5 25. Ke2 Bxg2 26. hxg4 hxg4 27. Rg1 Bh3 28. f3 gxf3+ 29. Kxf3 Be6 30.
Rg7 Kd8 31. a4 Rh3+ 32. Rg3 Bd5+ 33. Kf2 Rh2+ 34. Ke3 Bf8 35. Kd3 Bh6 36. Rg6 Ke7 37. Rxh6 Rxh6 38. b5 Rh3+ 39. Kc2 Kd7 40. b6 Kc8 41. a5 Kb7 42. Nb1 Rh2+ 43. Nd2 e4 44. Kd1 e3 45. Nf1 e2+ 46. Ke1 exf1=Q+ 47. Kxf1 f5 48. Be1 Ra2 49. Bf2 f4 50. Kg1 Rxa5 51.
Kh2 Ra2 52. Kg1 Ra1+ 53. Kh2 Rh1# 0-1

[Event "*** Titled Tuesday Blitz"]
[Site "Chess.com"]
[Date "2021.04.06"]
[Round "1"]
[White "tusplingher"]
[Black "Koalaskakistis"]
[Result "1-0"]
[WhiteElo "2320"]
[BlackElo "2589"]
[TimeControl "180+1"]
[EndTime "10:07:54 PDT"]
[Termination "tusplingher won on time"]

1. e4 c5 2. d4 cxd4 3. c3 dxc3 4. Nxc3 Nc6 5. Nf3 g6 6. Bc4 Bg7 7. e5 Bxe5 8. Bxf7+ Kxf7 9. Nxe5+ Nxe5 10. Qd5+ e6 11.
Qxe5 Qf6 12. Qe2 d5 13. O-O Bd7 14. Rd1 Ne7 15. Be3 Nc6 16. Nb5 a6 17. Nd6+ Kg8 18. Nxb7 Rb8 19. Nc5 Rxb2 20. Nxd7 Rxe2 21. Nxf6+ Kf7 22.
Nd7 Rd8 23. Nc5 d4 24. Rd2 Rxd2 25. Bxd2 Rb8 26. Nb3 e5 27. Kf1 Ke6 28. Ke2 e4 29.
Rc1 Ne5 30. Nxd4+ Kd5 31. Nb3 Nd3 32. Rc7 Rf8 33. Be3 a5 34. Rd7+ Ke6 35. Rxh7 a4 36.
Nd4+ Kd5 37. Rd7+ Kc4 38. Ne6 Rb8 39. Rd4+ Kc3 40. Bd2+ Kc2 41. Rxe4 Nb2 42. Nd4+ Kb1 43. a3 Ka2 44. Bb4 Rc8 45. Kf3 Nd3 46. Bd6 Rd8 47. Be7 Rd7 48. Ke3 Nb2 49. Bb4 Nc4+ 50. Kd3 Nxa3 51. Bxa3 Kxa3 52. Kc2 Rc7+ 53. Kb1 1-0

[Event "*** Titled Tuesday Blitz"]
[Site "Chess.com"]
[Date "2021.04.06"]
[Round "1"]
[White "Fore_Man"]
[Black "LawrenceTrent"]
[Result "0-1"]
[WhiteElo "2238"]
[BlackElo "2560"]
[TimeControl "180+1"]
[EndTime "10:07:55 PDT"]
[Termination "LawrenceTrent won on time"]

1. d4 d5 2. c4 e5 3. dxe5 d4 4. Nf3 Nc6 5. g3 Nge7 6. Bg2 Ng6 7. O-O Ngxe5 8. Nbd2 a5 9. Nxe5 Nxe5 10. Nf3 Nxf3+ 11. Bxf3 Be7 12. e3 dxe3 13. Qxd8+ Bxd8 14. Bxe3 O-O 15. Bc5 Re8 16. Rfe1 Be6 17. Bxb7 Be7 18. Bxa8 Bxc5 19. Bd5 Kf8 20. Bxe6 fxe6 21. Rad1 Ke7 22. Re2 Rb8 23. Red2 Kf6 24. b3 a4 25. Rd3 e5 26. Rd7 axb3 27. axb3 Rxb3 28. Rxc7 Bd4 29. Rd2 Rc3 30. Kg2 h5 31. h3 g5 32. Ra2 Kf5 33. Rf7+ Ke4 34. Rc7 h4 35. gxh4 g4 36. hxg4 Kf4 37. f3 Rc1 38.
Re2 Rg1+ 39. Kh2 Kxf3 40. Rc2 Rxg4 41. Rh7 e4 42. c5 Be5+ 43. Kh1 e3 44. Rf7+ Bf4 45.
Rxf4+ Rxf4 46. c6 Rxh4+ 47. Kg1 Rg4+ 48. Kf1 Rh4 49. Kg1 Rg4+ 50. Kf1 Ra4 51. Rc1 Rh4 52. Kg1 Rg4+ 53. Kf1 e2+ 54. Ke1 Rg1+ 55. Kd2 Rxc1 0-1

[Event "*** Titled Tuesday Blitz"]
[Site "Chess.com"]
[Date "2021.04.06"]
[Round "1"]
[White "Misha_Bilous"]
[Black "Rodchenkov_Vitalij"]
[Result "1-0"]
[WhiteElo "2526"]
[BlackElo "2174"]
[TimeControl "180+1"]
[EndTime "10:07:55 PDT"]
[Termination "Misha_Bilous won by checkmate"]

1. d4 Nf6 2. c4 e6 3. Nf3 Bb4+ 4. Bd2 a5 5. g3 b6 6. Bg2 Ba6 7. Qc2 Nc6 8. O-O Bxd2 9. Nbxd2 O-O 10. e4 Re8 11. e5 Nh5 12. b3 g6 13. Ne4 f5 14.
exf6 Nxf6 15. Ne5 Bb7 16. Nxf6+ Qxf6 17. Nxc6 Bxc6 18. Bxc6 dxc6 19. Qe4 e5 20. d5 cxd5 21. cxd5 Rad8 22. Rac1 Qd6 23. Rfd1 Re7 24. Rd3 Red7 25. Rc6 Qxc6 26. dxc6 Rxd3 27. Qxe5 Rd1+ 28. Kg2 R1d6 29. Qe7 Rc8 30. h4 b5 31. g4 a4 32. h5 gxh5 33. gxh5 axb3 34. axb3 b4 35. f4 h6 36. f5 Rf8 37. Qxc7 Rd3 38. Qe7 Rf7 39. Qe6 Kf8 40.
Qxh6+ Rg7+ 41. Kf2 Kg8 42. Qe6+ Kh8 43. f6 Rgg3 44. f7 Rdf3+ 45. Ke2 Rxf7 46. Qxf7 Rc3 47. c7 Rc2+ 48. Kd3 Rc3+ 49. Kd4 Rc1 50. Qf6+ Kh7 51. Qf5+ Kh8 52. c8=Q+ Rxc8 53. Qxc8+ Kg7 54. Qe6 Kh7 55. Qg6+ Kh8 56. Qg5 Kh7 57. h6 Kh8 58. Qg7# 1-0

[Event "*** Titled Tuesday Blitz"]
[Site "Chess.com"]
[Date "2021.04.06"]
[Round "1"]
[White "MustafayevFarid2004"]
[Black "jraosam"]
[Result "1-0"]
[WhiteElo "2483"]
[BlackElo "1859"]
[TimeControl "180+1"]
[EndTime "10:07:55 PDT"]
[Termination "MustafayevFarid2004 won on time"]

1. d4 d5 2. e3 Nf6 3. Nf3 c5 4. Nbd2 Nc6 5. Bb5 cxd4 6. exd4 a6 7. Bd3 Bg4 8. h3 Bh5 9. c3 e6 10. Qc2 Bd6 11. O-O Rc8 12. Qb1 Bg6 13. Re1 Kf8 14. Ne5 Qc7 15. f4 Bxd3 16. Qxd3 Bxe5 17. fxe5 Nd7 18.
Nf3 Kg8 19. Rf1 h6 20. Bf4 f5 21. g4 g5 22. gxf5 gxf4 23. f6 Kf7 24. Nh4 Rcg8+ 25. Kh1 Ndxe5 26. dxe5 Nxe5 27. Qd4 Nc6 28. Qxf4 Qxf4 29.
Rxf4 Rg5 30. Re1 Rhg8 31. Nf3 Rg3 32. Kh2 Rg2+ 33. Kh1 Rxb2 34. Rh4 Rg3 35. Rf1 Kf8 36. Rxh6 Kf7 37. Nh2 Rgg2 38. Ng4 Rxa2 39. Rh7+ Kf8 40. f7 Rxg4 41. Rh8+ Ke7 42. f8=Q+ Kd7 43. Rf7+ 1-0

[Event "*** Titled Tuesday Blitz"]
[Site "Chess.com"]
[Date "2021.04.06"]
[Round "1"]
[White "gmgamil"]
[Black "aa175"]
[Result "0-1"]
[WhiteElo "2804"]
[BlackElo "2446"]
[TimeControl "180+1"]
[EndTime "10:07:57 PDT"]
[Termination "aa175 won on time"]

1. d4 e5 2. Nc3 exd4 3. Qxd4 Nc6 4. Qa4 Nf6 5. e4 Bc5 6. Bg5 Bxf2+ 7. Kxf2 Ng4+ 8. Kg3 Qxg5 9. Nf3 Qe3 10. Nd1 Qc5 11.
Kxg4 h5+ 12. Kf4 g5+ 13. Nxg5 Qe5+ 14. Kf3 Qxg5 15. Ne3 b5 16. Qa3 b4 17. Qa4 Nd4+ 18.
Kf2 Qf4+ 19. Ke1 Qxe3+ 20. Kd1 Rh6 21. Bd3 c5 22. Re1 Qf2 23. c3 Qxb2 24. Rb1 Qxc3 25. Re3 Rf6 26. Rc1 Rf1+ 27. Bxf1 Qxe3 28. h3 Qf2 29. Bc4 Ke7 30. Qa5 Qg1+ 31. Kd2 Qxg2+ 32. Kd3 Qf3+ 33. Kd2 Qf4+ 34. Kd1 Qd6 35. Ke1 Nc6 36. Qb5 Ne5 37. Be2 Ba6 38. Qxc5 Bxe2 39. Kxe2 Qxc5 40.
Rxc5 d6 41. Rc7+ Ke6 42. Rb7 a5 43. Rb5 f6 44. Rb7 h4 45. Rh7 Rc8 46. Rb7 Rc2+ 47.
Kd1 Rxa2 48. Ra7 Rh2 49. Kc1 Rxh3 50. Rxa5 Rc3+ 51. Kd2 Nc4+ 52. Ke2 Nxa5 0-1

[Event "*** Titled Tuesday Blitz"]
[Site "Chess.com"]
[Date "2021.04.06"]
[Round "1"]
[White "Willhaven3"]
[Black "kubal123"]
[Result "1/2-1/2"]
[WhiteElo "2520"]
[BlackElo "2196"]
[TimeControl "180+1"]
[EndTime "10:07:57 PDT"]
[Termination "Game drawn by repetition"]

1. d4 Nf6 2. Nf3 e6 3. c4 Bb4+ 4. Bd2 Qe7 5. e3 O-O 6. g3 b6 7. Bg2 Bb7 8. O-O d5 9. Qa4 Bxd2 10. Nbxd2 Nbd7 11. cxd5 exd5 12. Rac1 c5 13. Nh4 Rfe8 14.
Nf5 Qf8 15. Bh3 g6 16. Nh4 Qd6 17. Rfd1 c4 18. Bg2 Bc6 19. Qc2 b5 20. b3 Nb6 21. a4 a6 22. Nhf3 Rac8 23. Ne5 cxb3 24. Nxb3 Bb7 25. Nc5 Nxa4 26. Nxb7 Qb8 27. Nc5 Nxc5 28.
dxc5 Qxe5 29. Qa2 Re6 30. Rd4 Rec6 31. Qa3 Ne4 32. Bxe4 dxe4 33. Qb4 f5 34. Qb3+ Kh8 35. Rcd1 Qe7 36. Rd7 Qf6 37. R1d5 Rxc5 38. Rxc5 Rxc5 39. Qd1 Rc8 40. Kg2 a5 41. Rd6 Qe5 42. Rd5 Qf6 43. Rxb5 Ra8 44. Qd7 Qg7 45. Qd2 a4 46. Qa2 a3 47.
Rb3 Qe7 48. Qa1+ Qg7 49. Qa2 Qf7 50. Qa1+ Qg7 51. Qa2 1/2-1/2

[Event "*** Titled Tuesday Blitz"]
[Site "Chess.com"]
[Date "2021.04.06"]
[Round "1"]
[White "Leo_C"]
[Black "vinniethepooh"]
[Result "0-1"]
[WhiteElo "2403"]
[BlackElo "2732"]
[TimeControl "180+1"]
[EndTime "10:07:58 PDT"]
[Termination "vinniethepooh won by resignation"]

1. d4 Nf6 2. c4 e6 3. Nc3 Bb4 4. e3 O-O 5. Bd3 d5 6. a3 Bxc3+ 7. bxc3 dxc4 8. Bxc4 c5 9. Nf3 b6 10. O-O Ba6 11.
Bxa6 Nxa6 12. Qe2 Qc8 13. e4 cxd4 14. cxd4 Qb7 15. Re1 h6 16. h3 Rac8 17. Bf4 Rfd8 18. Be5 Nd7 19. Bh2 Rc3 20. Rec1 Rdc8 21. Rxc3 Rxc3 22. Bf4 Qc8 23. d5 Qc4 24. Qxc4 Rxc4 25. dxe6 fxe6 26. Nd2 Rc2 27. Rd1 Nac5 28. f3 Kf7 29. h4 Nd3 30. Be3 N7c5 31. Nb3 Ke7 32. Nxc5 Nxc5 33. Bd4 g6 34. Bg7 h5 35. e5 Nd7 36. Rd3 b5 37. Kh2 a5 38. Kg3 b4 39. axb4 axb4 40. Rb3 Rc4 41. Rb2 Rd4 42. Bh6 Nxe5 43. Bg5+ Kf7 44. Be3 Rc4 45. Bd2 Nc6 46. Kf2 Ke7 47. Ke3 Kd6 48. Kd3 Kd5 49. g4 hxg4 50.
fxg4 Rxg4 51. Be3 Ne5+ 52. Kc2 Nc4 53. Rxb4 Nxe3+ 0-1

[Event "*** Titled Tuesday Blitz"]
[Site "Chess.com"]
[Date "2021.04.06"]
[Round "1"]
[White "Guzman70"]
[Black "albi1999"]
[Result "1-0"]
[WhiteElo "2335"]
[BlackElo "2600"]
[TimeControl "180+1"]
[EndTime "10:07:58 PDT"]
[Termination "Guzman70 won by resignation"]

1. d4 Nf6 2. Bf4 b6 3. e3 Bb7 4.
Nf3 e6 5. a4 a6 6. a5 b5 7. c4 b4 8. Nbd2 Be7 9. Bd3 O-O 10.
O-O c5 11. dxc5 Bxc5 12. Qc2 d6 13.
Nb3 Nbd7 14. Rfd1 Qe7 15. Nxc5 Nxc5 16. Bxd6 Qxd6 17. Bxh7+ Nxh7 18. Rxd6 Nf6 19. Ng5 Rac8 20. Rad1 g6 21. b3 Bc6 22. R1d4 Nb7 23. Rxc6 Rxc6 24.
Ne4 Nxe4 25. Qxe4 Rfc8 26. h4 Nd6 27. Qf4 Nf5 28. h5 Nxd4 29. exd4 gxh5 30. Qg5+ Kf8 31. Qxh5 Rd6 32. Qe5 Rcd8 33. Qc5 Ke8 34. Qxb4 Rxd4 35. Qb6 R4d6 36. Qc5 f6 37. g3 Kf7 38. Qc7+ R8d7 39.
Qc5 e5 40. f3 Re6 41. Kg2 Rd2+ 42. Kh3 Red6 43. Qc7+ Kg6 44. Qc8 Rd7 45. Qg8+ Rg7 46.
Qe8+ Rf7 47. g4 Rd3 48. Kg3 e4 49. Qxe4+ f5 50. Qxd3 Kg5 51. gxf5 Rxf5 52. Qxf5+ Kxf5 53. f4 Ke4 54. Kg4 Kd4 55. f5 Kc3 56. c5 Kxb3 57. c6 Ka4 58. c7 Kxa5 59. c8=Q Kb4 60. Qxa6 Kc3 61. Qe6 Kb4 62. f6 Kc3 63. f7 1-0

[Event "*** Titled Tuesday Blitz"]
[Site "Chess.com"]
[Date "2021.04.06"]
[Round "1"]
[White "rachidhuilda"]
[Black "StockholmMissile"]
[Result "0-1"]
[WhiteElo "2246"]
[BlackElo "2562"]
[TimeControl "180+1"]
[EndTime "10:07:58 PDT"]
[Termination "StockholmMissile won on time"]

1. d4 d5 2. c4 c6 3. Nf3 Nf6 4. Nc3 dxc4 5. a4 Bf5 6. e3 e6 7.
Bxc4 Nbd7 8. O-O Bb4 9. h3 O-O 10. Qe2 Bg6 11. Rd1 Qc7 12. Bd2 e5 13. dxe5 Nxe5 14.
Nxe5 Qxe5 15. Be1 Rfd8 16. Rxd8+ Rxd8 17. Rd1 Qe7 18. Rxd8+ Qxd8 19. Bb3 h6 20. Qc4 Ba5 21. Qe2 Qd7 22. Bc2 Bxc2 23. Qxc2 Qe6 24. Bd2 Bc7 25. e4 Qd6 26. g3 Bb6 27. Bf4 Qe6 28. Kg2 Bd4 29.
f3 Nh5 30. Bc1 g5 31. g4 Nf6 32. Qd3 Be5 33. Be3 a6 34. Qd8+ Kg7 35. Bd4 Nd7 36.
Bxe5+ Nxe5 37. Qd4 Kh7 38. Ne2 Ng6 39. Ng3 Nf4+ 40.
Kh2 Qb3 41. Qd2 Qxf3 42. Nf5 Qxh3+ 43. Kg1 Qxg4+ 44. Kf2 Qg2+ 45. Ke3 Qxd2+ 46. Kxd2 Kg6 47. Nd6 b5 48. a5 Ne6 49. Ke3 h5 50. Nb7 h4 51. e5 h3 52. Kf3 Kf5 53. Kg3 Kxe5 0-1

[Event "*** Titled Tuesday Blitz"]
[Site "Chess.com"]
[Date "2021.04.06"]
[Round "1"]
[White "freshfoodcompany"]
[Black "Murad_Ibrahimli"]
[Result "0-1"]
[WhiteElo "2431"]
[BlackElo "2821"]
[TimeControl "180+1"]
[EndTime "10:07:59 PDT"]
[Termination "Murad_Ibrahimli won by resignation"]

1. d4 Nf6 2. c4 e6 3. Nf3 d5 4. Nc3 Be7 5. Bf4 O-O 6. e3 Nbd7 7. c5 Ne4 8. Bd3 f5 9. h3 c6 10. Ne5 Nxe5 11. Bxe5 b6 12. Bxe4 fxe4 13. b4 a5 14.
a3 Bf6 15. Bxf6 Qxf6 16. O-O bxc5 17. bxc5 Ba6 18. Ne2 e5 19. Qd2 Bxe2 20. dxe5 Qxe5 21. Qxe2 Rab8 22. Rac1 Rb2 23. Rc2 Rfb8 24. Rxb2 Qxb2 25. Qg4 Qf6 26. Qd7 h6 27. a4 Rb4 28. Qd6 Rxa4 29.
Rb1 Ra1 30. Rxa1 Qxa1+ 31. Kh2 Qf6 32. Qb8+ Kh7 33. Qa8 Qe5+ 34. Kg1 Qa1+ 35. Kh2 Qf6 36. Qxa5 Qxf2 37. Qc3 Qf6 38. Qc2 Qe5+ 39. Kg1 d4 40. exd4 Qxd4+ 41. Kh2 Qe5+ 42. Kg1 Kh8 43. Kf2 Qf4+ 44.
Ke2 e3 45. Qg6 Qf2+ 46. Kd3 Qd2+ 47. Kc4 Qc1+ 48. Kb3 Qd1+ 49. Kc3 Qd2+ 50. Kb3 Qd5+ 51. Kb2 Qe5+ 52. Kc2 e2 53. Qd3 e1=Q 54. Qd8+ Kh7 55. Qd3+ Q1e4 56. Qxe4+ Qxe4+ 0-1